 Dungeon Crawl Stone Soup version 0.27.1-1-g398f81649c (webtiles) character file.

Game seed: 12668743288475133028

13473 loralnil the Martial Artist (level 11, -8/94 HPs)
             Began as a White Draconian Transmuter on Sept 15, 2021.
             Was a Priest of Makhleb.
             Mangled by Snorg (21 damage)
             ... on level 10 of the Dungeon.
             The game lasted 00:25:53 (12983 turns).

loralnil the Martial Artist (DrTm)                 Turns: 12983, Time: 00:25:54

Health: -8/94      AC:  2    Str: 14    XL:     11   Next: 76%
Magic:  17/20      EV: 26    Int: 18    God:    Makhleb [***...]
Gold:   1659       SH:  0    Dex: 25    Spells: 13/23 levels left

rFire    . . .     SeeInvis .     - Unarmed
rCold    . . .     Faith    .   (shield currently unavailable)
rNeg     . . .     Spirit   .   (armour unavailable)
rPois    x         Reflect  .   (helmet currently unavailable)
rElec    +         Harm     .   (cloak currently unavailable)
rCorr    +         Rampage  .   (gloves currently unavailable)
Will     .....                  (boots currently unavailable)
Stlth    ++........             (no amulet)
HPRegen  0.25/turn              s - +6 ring of dexterity
MPRegen  0.17/turn              p - ring of Beogh's Fury {rElec rCorr Str+2 Int+3}

@: spider-form
A: venomous fangs, (breathe frost), AC +7, tiny, unfitting armour, (cold
resistance 1), (cold-blooded)
a: End Transformation, Renounce Religion, Minor Destruction, Lesser Servant of
Makhleb


You were on level 10 of the Dungeon.
You worshipped Makhleb.
Makhleb was most pleased with you.
You were a venomous arachnid creature.
You visited 2 branches of the dungeon, and saw 11 of its levels.

You collected 1926 gold pieces.
You spent 267 gold pieces at shops.

Inventory:

Armour
 c - a +0 pair of boots (melded)
 l - the +3 pair of gloves of Darkness (melded) {Str+2}
   (You acquired it on level 7 of the Dungeon)

   Str:       It affects your strength (+2).
 w - a +1 buckler of cold resistance
Magical Staves
 z - a staff of cold
Jewellery
 a - a ring of flight
 g - a ring of protection from fire
 o - a ring of positive energy
 p - the ring of Beogh's Fury (right front leg) {rElec rCorr Str+2 Int+3}
   (You found it on level 4 of the Dungeon)

   [ring of resist corrosion]

   Str:       It affects your strength (+2).
   Int:       It affects your intelligence (+3).
   rElec:     It insulates you from electricity.
   rCorr:     It protects you from acid and corrosion.
 s - a +6 ring of dexterity (left front leg)
 F - a +6 ring of strength
Wands
 u - a wand of mindburst (15)
 D - a wand of charming (13)
 E - a wand of polymorph (5)
Scrolls
 d - 6 scrolls of teleportation
 e - 3 scrolls of enchant armour
 k - a scroll of fear
 m - a scroll of enchant weapon {unknown}
 q - a scroll of summoning {unknown}
 t - a scroll of blinking {unknown}
 v - a scroll of immolation {unknown}
 x - a scroll of magic mapping {unknown}
 y - a scroll of amnesia {unknown}
Potions
 b - a potion of brilliance
 f - 3 potions of might
 h - 4 potions of curing
 i - a potion of magic
 j - 3 potions of mutation
 n - a potion of heal wounds
 r - a potion of cancellation
 A - a potion of resistance {unknown}
 B - 12 potions of ambrosia
 C - 4 potions of lignification {unknown}


   Skills:
 - Level 8.0 Fighting
 + Level 6.4 Dodging
 * Level 11.6 Unarmed Combat
 + Level 6.6 Spellcasting
 + Level 8.2 Transmutations
 - Level 3.0 Ice Magic
 - Level 2.0 Poison Magic
 - Level 4.1 Invocations


You had 13 spell levels left.
You knew the following spells:

 Your Spells              Type           Power      Damage    Failure   Level
a - Beastly Appendage     Tmut           70%        N/A       3%          1
b - Wereblood             Tmut           35%        N/A       3%          2
c - Spider Form           Tmut/Pois      12%        N/A       13%         3
d - Ice Form              Ice/Tmut       26%        N/A       26%         4

Your spell library contained the following spells:

 Spells                   Type           Power      Damage    Failure   Level
 Ensorcelled Hibernation  Hex/Ice        22%        N/A       24%         2
 Animate Skeleton         Necr           10%        N/A       28%         1
 Corona                   Hex            5%         N/A       28%         1
 Summon Small Mammal      Summ           20%        N/A       28%         1
 Call Canine Familiar     Summ           5%         N/A       56%         3
 Dazzling Flash           Conj/Hex       10%        N/A       56%         3
 Summon Guardian Golem    Hex/Summ       5%         N/A       56%         3
 Tukima's Dance           Hex            5%         N/A       56%         3
 Animate Dead             Necr           2%         N/A       89%         4
 Cause Fear               Hex            2%         N/A       89%         4
 Passage of Golubria      Tloc           N/A        N/A       89%         4
 Fireball                 Conj/Fire      2%         3d4       99%         5
 Iskenderun's Battlesphe  Conj           5%         2d6       99%         5
 Silence                  Hex/Air        2%         N/A       99%         5
 Summon Mana Viper        Hex/Summ       5%         N/A       99%         5
 Dragon Form              Tmut           17%        N/A       99%         7
 Conjure Ball Lightning   Conj/Air       2%         3x3d6     100%        6
 Orb of Destruction       Conj           2%         9d1       100%        7
 Lehudib's Crystal Spear  Conj/Erth      2%         10d2      100%        8
 Necromutation            Tmut/Necr      10%        N/A       100%        8
 Dragon's Call            Summ           2%         N/A       100%        9


Dungeon Overview and Level Annotations

Branches:
Dungeon (10/15)            Temple (1/1) D:6
   Lair: D:8-11         Orc: D:9-12

Altars:
Ashenzari
Cheibriados
Dithmenos
Elyvilon
Fedhas
Hepliaklqana
Kikubaaqudgha
Makhleb
Nemelex Xobeh
Okawaru
Qazlal
Ru
Sif Muna
Trog
Uskayaw
Vehumet
Wu Jian
Xom
Yredelemnul
Zin

Shops:
D:2 *   D:3 (   D:7 *

Annotations:
D:9 2 transporters
D:10 exclusion: oklob plant, Snorg


Innate Abilities, Weirdness & Mutations

You are a venomous arachnid creature.
You have poisonous fangs.
You are tiny and dextrous.
Your spellcasting is less reliable in this form.
Your armour is entirely melded.
You are incapable of wielding weapons or throwing items.
((You can breathe waves of freezing cold which knock back foes.))
((Your icy white scales are hard. (AC +7)))
You cannot fit into any form of body armour.
((Your flesh is cold resistant. (rC+)))
((You are cold-blooded and may be slowed by cold attacks.))


Message History

The splash of acid hits you. You resist. The acid corrodes you!
You are splashed with acid.
You resist.
Snorg rages.
Your transformation is almost over.
Snorg misses you. Snorg completely misses you. Snorg claws you.
Snorg misses you. x2; Snorg completely misses you.
Snorg bites you!! Snorg misses you. Snorg claws you!
Snorg completely misses you. Snorg closely misses you.
Snorg completely misses you. Snorg misses you. x2; Snorg claws you!
Your transformation has ended.
The +3 pair of gloves of Darkness {Str+2} unmelds from your body.
Your +0 pair of boots unmelds from your body.
Things that are here:
a +0 robe; a +0 hand axe Snorg bites you.
Snorg completely misses you. Snorg closely misses you.
Okay, then.
As you read the scroll of fear, it crumbles to dust.
You assume a fearsome visage.
The acid dragon looks frightened!
Snorg is unaffected.
Snorg barely misses you. Snorg claws you but does no damage. x2
You are no longer corroded.
Snorg barely misses you. x3
Casting: Spider Form (mildly dangerous; 4% risk of failure)
Confirm with . or Enter, or press ? or * to list all spells.
You turn into a venomous arachnid creature.
The +3 pair of gloves of Darkness {Str+2} melds into your body.
Your +0 pair of boots melds into your body.
Snorg closely misses you. Snorg claws you!!
* * * LOW HITPOINT WARNING * * *
Snorg misses you. Snorg bites you!
* * * LOW HITPOINT WARNING * * *
Snorg barely misses you. Snorg claws you but does no damage.
Snorg rages.
Snorg closely misses you. Snorg claws you.
* * * LOW HITPOINT WARNING * * *
Snorg completely misses you. Snorg closely misses you.
Snorg completely misses you. Snorg claws you!!
You die...

..........[[....#..............
..###########[#.............###.
...... ###.#####.####....#
..#### #...............### ###
###[#.#####.#######
#..............#
#.#.#..#.#..#..#
#.#....T.......#
#.######s...#..#
#.....<........#
#.....#.#......#
##.####.#......# #.# #.##.#...#
#.# #.......## #.#######.####
#.........# #.#########


You could see Snorg (berserk).

Vanquished Creatures
  A boulder beetle (D:7)
  A two-headed ogre (D:5)
  2 cyclopes (D:7)
  An ugly thing (D:9)
  A komodo dragon (D:6)
  2 unseen horrors
  A troll (D:10)
  A queen bee (D:9)
  A slime creature (D:10)
  14 yaks
  A vampire (D:7)
  A wraith (D:10)
  A wyvern (D:9)
  2 steam dragons
  Eustachio (D:4)
  4 water moccasins (D:7)
  7 orc warriors
  An ice beast (D:7)
  2 black bears (D:5)
  A hornet zombie (D:7)
  3 sky beasts
  2 ogres
  7 centaurs
  3 phantoms
  2 kobold brigands
  2 bullfrogs
  A gnoll sergeant (D:8)
  A wyvern zombie (D:9)
  3 scorpions
  3 water moccasin zombies
  2 wyvern skeletons (D:7)
  A water moccasin skeleton (D:6)
  32 killer bees
  20 wights
  2 howler monkeys
  2 centaur zombies
  3 orc priests
  4 jellies
  3 gnoll shamans
  5 iguanas
  2 orc wizards
  3 killer bee zombies
  2 hound skeletons (D:5)
  A howler monkey skeleton (D:7)
  14 gnolls
  9 adders
  2 shadow imps
  A white imp (D:5)
  2 ufetubi (D:7)
  5 dart slugs
  12 orcs
  2 bats
  9 endoplasms
  13 giant cockroaches
  6 goblins
  8 hobgoblins
  6 jackals (D:1)
  8 kobolds
  A quokka (D:2)
  9 ball pythons
  2 frilled lizards
  A quokka skeleton (D:4)
  A rat (D:2)
  A butterfly (D:6)
267 creatures vanquished.

Vanquished Creatures (others)
  A bush (D:2)
  18 plants
19 creatures vanquished.

Grand Total: 286 creatures vanquished

Notes
Turn   | Place    | Note
-------+----------+-------------------------------------------
     0 | D:1      | loralnil the Draconian Transmuter began the quest for the
                  | Orb.
     0 | D:1      | Reached XP level 1. HP: 16/16 MP: 3/3
   205 | D:1      | Reached XP level 2. HP: 23/23 MP: 3/5
   225 | D:1      | Learned a level 2 spell: Wereblood
   562 | D:1      | Reached XP level 3. HP: 23/29 MP: 4/6
  1078 | D:2      | Found Puamesa's General Store.
  1086 | D:2      | Bought a scroll of teleportation for 36 gold pieces
  1246 | D:2      | Found a faded altar of an unknown god.
  1433 | D:2      | Reached XP level 4. HP: 36/36 MP: 7/7
  1706 | D:2      | Reached skill level 4 in Unarmed Combat
  1744 | D:2      | Noticed an ogre
  1752 | D:2      | Learned a level 3 spell: Spider Form
  1763 | D:2      | Killed an ogre
  1764 | D:2      | Reached skill level 1 in Poison Magic
  1764 | D:2      | Reached XP level 5. HP: 41/41 MP: 1/9
  1963 | D:2      | You fall into a shaft and drop 2 floors!
  2870 | D:3      | Found Qiaklarr's Weapon Boutique.
  3094 | D:4      | Reached skill level 5 in Unarmed Combat
  3094 | D:4      | Reached XP level 6. HP: 39/48 MP: 10/10
  3458 | D:4      | Found a large runed translucent door.
  3459 | D:4      | Found a large runed translucent door.
  3461 | D:4      | Identified the ring of Beogh's Fury {rElec rCorr Str+2
                  | Int+3}
  3841 | D:4      | Your scales start taking on an icy white colour.
  3841 | D:4      | Reached XP level 7. HP: 44/56 MP: 8/11
  3841 | D:4      | Gained mutation: Your flesh is cold resistant. (rC+) [White
                  | Draconian growth]
  3917 | D:4      | Noticed Eustachio
  3959 | D:4      | Killed Eustachio
  3960 | D:4      | Reached skill level 6 in Unarmed Combat
  4051 | D:4      | Learned a level 4 spell: Ice Form
  4054 | D:4      | Found a stormy altar of Qazlal.
  4065 | D:4      | Found an ancient bone altar of Kikubaaqudgha.
  4089 | D:5      | Entered Level 5 of the Dungeon
  4379 | D:5      | Noticed a two-headed ogre
  4395 | D:5      | Killed a two-headed ogre
  4396 | D:5      | Reached skill level 7 in Unarmed Combat
  4396 | D:5      | Reached XP level 8. HP: 37/66 MP: 9/12
  4791 | D:5      | Found a shadowy altar of Dithmenos.
  4808 | D:5      | Reached skill level 5 in Transmutations
  5354 | D:5      | Reached XP level 9. HP: 71/73 MP: 14/14
  5422 | D:5      | Reached skill level 5 in Fighting
  5506 | D:6      | Reached skill level 8 in Unarmed Combat
  5745 | D:6      | Found a staircase to the Ecumenical Temple.
  5757 | Temple   | Entered the Ecumenical Temple
  5956 | Temple   | Became a worshipper of Makhleb the Destroyer
  6085 | D:6      | Reached skill level 1 in Invocations
  7010 | D:7      | Reached skill level 5 in Dodging
  7010 | D:7      | Reached skill level 9 in Unarmed Combat
  7244 | D:7      | Found Plog's General Store.
  7252 | D:7      | Bought a +1 buckler of cold resistance for 231 gold pieces
  7424 | D:7      | Reached XP level 10. HP: 75/83 MP: 16/16
  7578 | D:7      | Reached * piety under Makhleb
  7763 | D:7      | Noticed a cyclops
  7780 | D:7      | Killed a cyclops
  7871 | D:7      | Noticed a cyclops
  7890 | D:7      | Killed a cyclops
  7891 | D:7      | Reached skill level 5 in Spellcasting
  8446 | D:7      | Reached skill level 10 in Unarmed Combat
  8902 | D:7      | Noticed a boulder beetle
  8932 | D:7      | Killed a boulder beetle
  9154 | D:7      | Identified 2 scrolls of acquirement
  9155 | D:7      | Acquired 1256 gold pieces
  9157 | D:7      | Acquired the +3 pair of gloves of Darkness {Str+2}
  9704 | D:8      | Reached ** piety under Makhleb
  9710 | D:8      | Reached XP level 11. HP: 92/92 MP: 15/19
 10117 | D:8      | Acquired Kuptiheg's Catalogue of Enchantment and Unholy
                  | Rites
 10677 | D:9      | Reached *** piety under Makhleb
 11175 | D:9      | Reached skill level 11 in Unarmed Combat
 11477 | D:9      | Found a shimmering blue altar of Sif Muna.
 11477 | D:9      | Found a transporter.
 11480 | D:9      | Noticed a deep troll
 11480 | D:9      | Noticed a centaur warrior
 11484 | D:9      | Found a transporter.
 11578 | D:9      | Noticed a tengu warrior
 11579 | D:9      | Noticed a death knight
 11580 | D:9      | Noticed a centaur warrior
 11583 | D:9      | Noticed a red ugly thing
 11585 | D:9      | Noticed a wizard
 11669 | D:10     | Entered Level 10 of the Dungeon
 11778 | D:10     | Identified the +3 long sword of Discord {flame, rPois
                  | Int+4}
 12659 | D:10     | Noticed a red ugly thing
 12692 | D:10     | Noticed a red ugly thing
 12695 | D:10     | Noticed Snorg
 12722 | D:9      | Killed a green ugly thing
 12885 | D:10     | Noticed an oklob plant
 12983 | D:10     | Mangled by Snorg

Illustrated notes

Levels and vault maps discovered:
D:1:      dpeg_arrival_fog, layout_loops_ring, minmay_worlds_worst_comb
D:2:      layout_loops_corners, serial_shops, shop,
          shapermc_ecumenical_altar_mp_ritualfount, serial_forest,
          infiniplex_forest_lined_2, infiniplex_forest_lined_3,
          infiniplex_forest_corner_2, infiniplex_forest_clump_double,
          infiniplex_forest_clump_double, infiniplex_forest_end_1,
          infiniplex_forest_clump_medium
D:3:      layout_rooms, serial_shops, shop
D:4:      layout_rooms, jmf_multi_god_temple2, minmay_snake_closets,
          uniq_eustachio
D:5:      layout_loops_ring, nicolae_dithmenos_shadow_blocks
D:6:      layout_loops_ring, minmay_temple_entry_butterflies
D:7:      nzn_winding_woodlands_three_and_one [nzn_winding_woodlands_5x15_eye,
          nzn_winding_woodlands_5x15_pathside_ponds,
          nzn_winding_woodlands_5x15_jagged,
          nzn_winding_woodlands_center_garden], layout_basic, serial_shops,
          shop_fountains
D:8:      layout_loops_ring, chequers_avenue
D:9:      layout_roguey [special_room_bee], gammafunk_temple_overflow_arena,
          onia_ninara_dug_in_and_dangerous
D:10:     cheibrodos_fzero, layout_basic, dpeg_oklobed_lair, uniq_snorg
Temple:   dpeg_five_rooms_temple

Skill      XL: |  1  2  3  4  5  6  7  8  9 10 11 |
---------------+----------------------------------+-----
Dodging        | 2 3 4 5 6 |  6.4
Fighting       | 2 4 6 7 8 |  8.0
Unarmed Combat | 4 5 7 9 10 11 | 11.6
Poison Magic   | 1 2 |  2.0
Transmutations | 3 4 5 6 7 8 |  8.2
Spellcasting   | 3 4 5 6 |  6.6
Ice Magic      | 3 |  3.0
Invocations    | 2 4 |  4.1

Action                   |  1- 3 |  4- 6 |  7- 9 | 10-12 || total
-------------------------+-------+-------+-------+-------++-------
Melee: Unarmed           |   110 |   102 |   237 |   437 ||   886
       Tailslap          |    16 |     7 |    17 |    11 ||    51
       Headbutt          |    14 |    13 |    19 |    14 ||    60
       Kick              |    18 |    16 |    18 |    28 ||    80
       Punch             |     1 |     4 |     4 |     2 ||    11
 Cast: Beastly Appendage |    25 |    31 |    18 |    19 ||    93
       Spider Form       |       |     3 |    13 |    27 ||    43
       Ice Form          |       |       |     4 |     9 ||    13
  Use: Scroll            |     2 |     5 |       |     9 ||    16
       Potion            |       |       |       |     2 ||     2
 Stab: Sleeping          |     1 |     2 |     2 |       ||     5
Armor: Skin              |    33 |    19 |    21 |    89 ||   162
Dodge: Dodged            |    56 |    52 |   164 |   376 ||   648
